 Dungeon Crawl Stone Soup version 0.29.0-4-gdea44cf6ec (webtiles) character file.

Game seed: 7243313671543160001

488735 pdpol the Slayer (level 23, -11/312 (315) HPs)
             Began as a Minotaur Fighter on Aug 27, 2022.
             Was the Champion of Okawaru.
             Mangled by a vault warden
             ... wielding a +3 vampiric bardiche
              (20 damage)
             ... on level 5 of the Vaults.
             The game lasted 01:45:47 (53775 turns).

pdpol the Slayer (Minotaur Fighter)                Turns: 53775, Time: 01:45:48

HP:   -11/312 (315) AC: 59    Str: 38    XL:     23   Next: 84%
MP:   0/38          EV: 15    Int: 16    God:    Okawaru [******]
Gold: 4399          SH: 36    Dex: 12    Spells: 22/22 levels left

rFire   + + .      SeeInvis .   R - +7 broad axe of Exchange {venom, rF+ Int+4}
rCold   + . .      Faith    .   c - +4 tower shield {rC+}
rNeg    . . .      Spirit   +   p - +14 crystal plate armour "Nidwopt" {Str+3 Int+3}
rPois   .          Reflect  .   j - +2 hat of Somewhere Else {Regen+ Slay+2}
rElec   +          Harm     .   b - +2 cloak {rCorr}
rCorr   +          Rampage  .   y - +2 pair of gloves {Dex+3}
Will    +....                   T - +2 pair of boots
Stlth   ..........              a - brooch of Shielding {Spirit SH+8}
HPRegen 1.42/turn               O - +6 ring of strength
MPRegen 0.26/turn               F - ring "Dithusaq" {rElec rF+ MP+9 Int+4 Dex-4}

@: berserking, heroic, marked, constricted, studying Polearms, lightly drained,
very quick
A: horns 2, retaliatory headbutt, frail 1
}: 2/15 runes: decaying, gossamer
a: Renounce Religion, Heroism, Finesse, Duel


You were on level 5 of the Vaults.
You worshipped Okawaru.
Okawaru was exalted by your worship.
You visited 8 branches of the dungeon, and saw 40 of its levels.
You also visited: Sewer, Bailey, Ice Cave, Volcano and Desolation.

You collected 4623 gold pieces.
You spent 224 gold pieces at shops.

Inventory:

Hand Weapons
 R - the +7 broad axe of Exchange (weapon) {venom, rF+ Int+4}
   (You acquired it on level 12 of the Dungeon)

   It poisons the flesh of those it strikes.
   Int:       It affects your intelligence (+4).
   rF:        It protects you from fire.
Missiles
 h - 47 poisoned darts
 k - a throwing net {=f}
 q - 41 boomerangs
 B - 6 silver boomerangs
 I - 12 silver javelins
 M - 15 javelins (quivered)
 Q - 410 stones
 U - 13 curare-tipped darts
Armour
 b - a +2 cloak of preservation (worn)
 c - a +4 tower shield of cold resistance (worn)
 j - the +2 hat of Somewhere Else (worn) {Regen+ Slay+2}
   (You found it on level 4 of the Spider Nest)

   Slay:      It affects your accuracy & damage with ranged weapons and melee
   (+2).
   Regen:     It increases your rate of health regeneration.
 p - the +14 crystal plate armour "Nidwopt" (worn) {Str+3 Int+3}
   (Okawaru gifted it to you on level 15 of the Dungeon)

   Str:       It affects your strength (+3).
   Int:       It affects your intelligence (+3).
 y - a +2 pair of gloves of dexterity (worn)
 T - a +2 pair of boots (worn)
Jewellery
 a - the brooch of Shielding (around neck) {Spirit SH+8}
   (You found it on level 3 of the Depths)

   [amulet of guardian spirit]

   It causes incoming damage to be divided between your reserves of health and
   magic.
   SH:        It affects your SH (+8).
 g - an amulet of reflection
 i - the amulet "Gavvur" {Spirit +Inv rPois rC- Slay+4}
   (You found it in the Desolation of Salt)

   [amulet of guardian spirit]

   It causes incoming damage to be divided between your reserves of health and
   magic.
   Slay:      It affects your accuracy & damage with ranged weapons and melee
   (+4).
   rC:        It makes you vulnerable to cold.
   rPois:     It protects you from poison.
   +Inv:      It lets you turn invisible.
 F - the ring "Dithusaq" (right hand) {rElec rF+ MP+9 Int+4 Dex-4}
   (You found it in the Desolation of Salt)

   [ring of magical power]

   Int:       It affects your intelligence (+4).
   Dex:       It affects your dexterity (-4).
   rF:        It protects you from fire.
   rElec:     It insulates you from electricity.
   MP:        It affects your magic capacity (+9).
 J - a ring of willpower
 N - a ring of positive energy {rN+}
 O - a +6 ring of strength (left hand)
 P - a ring of poison resistance
 S - a ring of see invisible
 W - the ring of Fobyosua {Fly rN+ Will+}
   (You took it off a yaktaur on level 15 of the Dungeon)

   [ring of positive energy]

   rN:        It protects you from negative energy.
   Fly:       It grants you flight.
   Will:      It increases your willpower.
Wands
 r - a wand of quicksilver (11)
 s - a wand of mindburst (27)
 D - a wand of digging (31)
 K - a wand of roots (29)
 Z - a wand of polymorph (25)
Scrolls
 d - 2 scrolls of torment {!r}
 l - 3 scrolls of vulnerability {!r!r}
 m - 13 scrolls of immolation {!r}
 n - 3 scrolls of silence
 t - 12 scrolls of teleportation
 v - 2 scrolls of fear
 G - 6 scrolls of magic mapping {!r}
 V - 9 scrolls of poison {!r}
Potions
 e - a potion of might
 f - 5 potions of ambrosia
 o - 4 potions of invisibility
 u - 5 potions of lignification {!q}
 w - 6 potions of resistance
 x - 5 potions of mutation {!q}
 z - 12 potions of curing
 A - 4 potions of cancellation
 C - 6 potions of berserk rage {!q}
 H - 3 potions of haste
 L - 10 potions of attraction {!q}
 X - 7 potions of heal wounds
Miscellaneous
 E - a condenser vane
 Y - a tin of tremorstones (2/2)


   Skills:
 * Level 25.0(27) Fighting
 - Level 18.0(23.0) Axes
 - Level 4.0(9.0) Throwing
 * Level 24.9(27) Armour
 + Level 20.4(25.4) Dodging
 + Level 21.3(26.3) Shields
 - Level 10.0 Invocations
 - Level 10.0 Evocations


You had 22 spell levels left.
You didn't know any spells.
Your spell library contained the following spells:

 Spells                   Type           Power      Damage    Failure   Level
 Apportation              Tloc           0%         N/A       71%         1
 Foxfire                  Conj/Fire      0%         2x1d4     71%         1
 Necrotise                Necr           0%         1d4       71%         1
 Shock                    Conj/Air       0%         1d3       71%         1
 Slow                     Hex            0%         N/A       71%         1
 Sting                    Tmut/Pois      0%         1d3       71%         1
 Blink                    Tloc           0%         N/A       83%         2
 Passwall                 Tmut/Erth      0%         N/A       83%         2
 Poisonous Vapours        Pois/Air       0%         N/A       83%         2
 Static Discharge         Conj/Air       0%         3-3/arc   83%         2
 Confusing Touch          Hex            0%         N/A       97%         3
 Conjure Flame            Conj/Fire      0%         6-21      97%         3
 Dazzling Flash           Conj/Hex       0%         N/A       97%         3
 Ignite Poison            Fire/Tmut/Pois 0%         N/A       97%         3
 Inner Flame              Hex/Fire       0%         N/A       97%         3
 Mephitic Cloud           Conj/Pois/Air  0%         N/A       97%         3
 Portal Projectile        Hex/Tloc       0%         N/A       97%         3
 Stone Arrow              Conj/Erth      0%         3d7       97%         3
 Swiftness                Air            0%         N/A       97%         3
 Vampiric Draining        Necr           0%         2d6       97%         3
 Airstrike                Air            0%         2d(0-16)  100%        4
 Cause Fear               Hex            0%         N/A       100%        4
 Dispel Undead            Necr           0%         3d6       100%        4
 Flame Wave               Conj/Fire      0%         2d4       100%        4
 Hailstorm                Conj/Ice       0%         3d3       100%        4
 Ice Form                 Ice/Tmut       0%         N/A       100%        4
 Leda's Liquefaction      Hex/Erth       0%         N/A       100%        4
 Olgreb's Toxic Radiance  Pois           0%         N/A       100%        4
 Passage of Golubria      Tloc           0%         N/A       100%        4
 Petrify                  Tmut/Erth      0%         N/A       100%        4
 Sticky Flame             Conj/Fire      0%         2d3       100%        4
 Agony                    Necr           0%         N/A       100%        5
 Borgnjor's Vile Clutch   Necr/Erth      0%         N/A       100%        5
 Fireball                 Conj/Fire      0%         3d3       100%        5
 Freezing Cloud           Conj/Ice/Air   0%         6-21      100%        5
 Manifold Assault         Tloc           0%         N/A       100%        5
 Metabolic Englaciation   Hex/Ice        0%         N/A       100%        5
 Silence                  Hex/Air        0%         N/A       100%        5
 Yara's Violent Unravell  Hex/Tmut       0%         3d3       100%        5
 Statue Form              Tmut/Erth      0%         N/A       100%        6
 Dragon Form              Tmut           0%         N/A       100%        7
 Storm Form               Tmut/Air       0%         N/A       100%        7
 Borgnjor's Revivificati  Necr           0%         N/A       100%        8
 Lehudib's Crystal Spear  Conj/Erth      0%         10d2      100%        8
 Necromutation            Tmut/Necr      0%         N/A       100%        8
 Death's Door             Necr           0%         N/A       100%        9
 Polar Vortex             Ice            0%         N/A       100%        9
 Summon Small Mammal      Summ           Unusable   N/A       N/A         1
 Call Canine Familiar     Summ           Unusable   N/A       N/A         3
 Tukima's Dance           Hex            Unusable   N/A       N/A         3
 Animate Armour           Summ/Erth      Unusable   N/A       N/A         4
 Animate Dead             Necr           Unusable   N/A       N/A         4
 Death Channel            Necr           Unusable   N/A       N/A         6
 Simulacrum               Ice/Necr       Unusable   N/A       N/A         6
 Dragon's Call            Summ           Unusable   N/A       N/A         9

Dungeon Overview and Level Annotations

Branches:
Dungeon (15/15)            Temple (1/1) D:4            Lair (5/5) D:10
  Swamp (4/4) Lair:3       Spider (4/4) Lair:3        Slime (0/5) Lair:5
    Orc (2/2) D:9             Elf (0/3) Orc:2        Vaults (5/5) D:13
  Crypt (0/3) Vaults:2     Depths (4/4) D:15            Zot (0/5) Depths:4
  Sewer (visited)          Bailey (visited)           IceCv (visited)
Volcano (visited)         Desolation (visited)

Altars:
Cheibriados
Dithmenos
Elyvilon
Fedhas
Hepliaklqana
Kikubaaqudgha
Makhleb
Nemelex Xobeh
Okawaru
Qazlal
Ru
Sif Muna
Uskayaw
Vehumet
Wu Jian
Xom
Yredelemnul
Zin
The Shining One

Shops:
D:5 [   Orc:1 *   Orc:2 =*(*   Depths:1 :==   Depths:3 :*

Portals:
Hell: Depths:1 Depths:2 Depths:3 Depths:4
Abyss: Depths:2 Depths:3 Depths:4
Pandemonium: Depths:2 Depths:4
Ziggurat: Depths:3
Trove: Vaults:1 (show abyssal rune of Zot)

Annotations:
D:9 1 transporter
D:10 3 runed translucent doors
Lair:4 1 runed translucent door, Tunlugh's ghost, adept GrEE
Lair:5 exclusion: oklob plant
Depths:3 exclusion: door


Innate Abilities, Weirdness & Mutations

You have a pair of horns on your head.
You reflexively headbutt those who attack you in melee.
You are frail. (-10% HP)


Message History

You feel much better. You block the Executioner's attack.
The Executioner hits you but does no damage.
You block the Executioner's attack.
The Executioner hits you but does no damage.
You block the Executioner's attack.
The Executioner hits you but does no damage.
You block the dread lich's attack.
The vault warden activates a sealing rune.
Something touches you!
* * * LOW HITPOINT WARNING * * *
You block the tentacled monstrosity's attack.
The tentacled monstrosity tentacle-slaps you.
* * * LOW HITPOINT WARNING * * *
You block the tentacled monstrosity's attack.
The tentacled monstrosity constricts you.
* * * LOW HITPOINT WARNING * * *
The sphinx casts a spell.
Something smites you!
* * * LOW HITPOINT WARNING * * *
The Executioner hits you but does no damage. x2
The Executioner completely misses you.
You take 4 damage, and have 9/208 hp.
You now have 0/38 mp.
Okay, then.
Unknown command.
Unknown command.
Really quaff
C - 7 potions of berserk rage {!q}?
A red film seems to cover your vision as you go berserk!
Your finesse ends abruptly.
You feel yourself moving faster!
You feel mighty! You block the Executioner's attack. x3
The dread lich touches you but does no damage.
The Executioner hits you but does no damage.
You block the Executioner's attack. x2
The tormentor calls on the powers of darkness!
Your body is wracked with pain!
* * * LOW HITPOINT WARNING * * *
The vault warden convulses!
The shadow dragon convulses!
The yaktaur convulses!
The ironbound convoker convulses! x2; The sphinx convulses!
Something touches you but does no damage.
The vault warden hits you from afar with a +3 vampiric bardiche!!
You die...

,***,,,,,*,,.....#,,,,*,,,,,**,,,
,,,***,,.,*,#.#..#,,,,*,,,,,**,,,
*,,,,,**..*,*.#..#....#,,,,**,,,,
,,**,,,,##.,,....#....#,,,,**,,,,
,,,,,**,..^.,#...#....#,,,**,,,,*
**,,,,,,**...#.#.#....#,,,**,,,,*
,,,,**,,...##.†#[#....#,,**,.,,**
,,,,,,,,*#....)2(#....#####..,,**
,,,**,,,....##[1@#p...#......,,,,
,,,,,,,,.......{LXLg........,,,,,
*********#######pDWc....#########
,,,,,,,,,......yppH..............
,,,,,,,,,..........<<..)†.[....).
,,,,,,,,,.........<.)<.........).
,,,,,,,,,..........<<...[........
*********#######......[.#########
,,,**,,,,,,**..........))....####


You could see a shadow dragon (catching breath), a tentacled monstrosity, an
ancient lich (strong), a dread lich (fast), a sphinx (strong), a vault warden
(strong), an Executioner (summoned, fast), 2 ironbound convokers, a yaktaur, a
freezing wraith (strong), a tormentor (summoned), a hornet and a boggart shaped
shifter.

Vanquished Creatures
  A juggernaut (Depths:3)
  Sojobo (Vaults:4)
  Bai Suzhen (Swamp:4)
  Nikola (Depths:1)
  3 golden dragons
  A caustic shrike (Depths:3)
  7 tentacled monstrosities
  2 liches
  5 titans
  4 quicksilver dragons
  A walking divine tome (Depths:4)
  4 sphinxes
  A thorn hunter (Swamp:4)
  The ghost of Flarelocke the Warrior, an adept MiFi of Hepliaklqana (Spider:3)
  The ghost of Lotaimix the Messiah, an adept HOFi of Beogh (Spider:3)
  5 shadow dragons
  4 fenstrider witches (Swamp:4)
  4 storm dragons
  9 tengu reavers
  2 draconian monks (Depths:4)
  A fenstrider witch (shapeshifter) (Vaults:5)
  10 fire giants
  16 frost giants
  5 ghost moths
  A deep elf sorcerer (Vaults:5)
  3 emperor scorpions
  17 vault wardens
  6 imperial myrmidons (Desolation)
  3 orc warlords
  Aizul (Vaults:4)
  4 war gargoyles
  A broodmother (Spider:4)
  A juggernaut skeleton (Depths:2)
  26 very ugly things
  20 stone giants
  A draconian annihilator (Depths:4)
  27 ironbound preservers
  A stone giant (shapeshifter) (Vaults:5)
  5 spriggan defenders
  4 ironbound thunderhulks
  2 vampire knights
  2 deep elf demonologists
  The ghost of ChongLi the Warrior, a journeyman FeVM of Yredelemnul (Spider:4)
  A black draconian (Depths:4)
  4 red draconians (Depths:4)
  15 entropy weavers
  8 eleionomae
  13 spark wasps
  A lorocyproca (Depths:2)
  18 dire elephants
  A halazid warlock (Desolation)
  6 bunyips
  A white draconian (Depths:4)
  A green death (Swamp:4)
  Snorg (D:10)
  11 ettins
  A deep elf death mage (Vaults:5)
  An eidolon (Vaults:2)
  A jiangshi (Vaults:2)
  A crystal guardian (Desolation)
  7 fire dragons
  2 shambling mangroves (Swamp:4)
  10 ragged hierophants (Desolation)
  6 ice dragons
  15 yaktaur captains
  Fannar (D:10)
  A deep elf high priest (Vaults:3)
  18 hydras
  11 great orbs of eyes
  4 spriggan air magi
  4 catoblepae
  8 peacekeepers
  28 vault guards
  5 servants of whispers (Desolation)
  2 jorogumos (Spider:4)
  14 boulder beetles
  3 ghost crabs
  4 radroaches
  A death knight (D:15)
  4 ironbound frosthearts
  5 alligators
  6 ogre magi
  12 centaur warriors
  10 two-headed ogres
  3 tengu warriors
  8 orc high priests (Orc:2)
  A vampire mage (Depths:2)
  11 deep troll earth magi
  13 deep troll shamans
  16 death yaks
  Urug (Lair:4)
  8 spriggan berserkers
  Sonja (Lair:5)
  5 pharaoh ants
  7 hell knights
  A deep elf knight (D:15)
  A soul eater (Vaults:2)
  A storm dragon zombie (Vaults:5)
  2 sixfirhies (Swamp:4)
  7 iron trolls
  4 goliath frogs
  A salamander mystic (Depths:4)
  2 death drakes
  A sun moth (Spider:2)
  6 steelbarb worms
  15 orb spiders
  5 swamp dragons
  6 spriggan druids
  40 deep trolls
  A flayed ghost (Depths:2)
  5 glowing orange brains
  4 bog bodies
  A swamp dragon (shapeshifter) (D:15)
  An orange crystal statue (D:10)
  18 ironbound convokers
  12 lindwurms
  4 phantasmal warriors
  13 harpies
  11 necromancers
  11 orc knights
  18 wizards
  3 deep elf pyromancers
  2 orc sorcerers
  4 moths of wrath
  3 will-o-the-wisps (Swamp:3)
  4 deep elf zephyrmancers
  A harpy (shapeshifter) (Depths:2)
  A tengu skeleton (Vaults:1)
  25 wolf spiders
  44 ugly things
  10 manticores
  9 cyclopes
  13 elephants
  6 guardian serpents (Desolation)
  A human skeleton (Vaults:1)
  7 black mambas
  3 salamanders (Depths:4)
  A frost giant skeleton (Depths:2)
  19 vault sentinels
  3 smoke demons
  2 ice statues (IceCv)
  2 molten gargoyles (Volcano)
  5 orange demons
  2 cane toads (shapeshifter)
  3 torpor snails
  2 gargoyles
  7 komodo dragons
  11 cane toads
  An efreet (D:15)
  10 demonic crawlers
  4 anaconda simulacra (IceCv)
  3 rime drakes
  2 freezing wraiths
  Psyche (D:10)
  3 red devils
  8 ice devils
  26 yaktaurs
  A yaktaur (shapeshifter) (Vaults:5)
  2 kobold demonologists
  5 tengu conjurers
  A yaktaur skeleton (Vaults:5)
  2 hellwings (Swamp:4)
  A meliai (shapeshifter) (D:15)
  6 trolls
  A tengu simulacrum (Vaults:1)
  20 hornets
  A polar bear (Lair:1)
  38 saltlings
  10 meliai
  11 tyrant leeches
  A raiju (shapeshifter) (D:15)
  17 blink frogs
  A tarantella (shapeshifter) (D:15)
  35 tarantellas
  42 slime creatures
  35 jumping spiders
  4 dream sheep
  30 culicivoras
  4 water elementals (Depths:2)
  Sigmund (D:6)
  2 shadows
  A centaur simulacrum (D:15)
  2 wyverns
  2 wraiths
  18 spriggans
  An elf simulacrum (Vaults:3)
  A dire elephant simulacrum (IceCv)
  A hog (shapeshifter) (D:15)
  6 basilisks
  2 chaos spawn (Swamp:4)
  17 humans
  50 yaks
  2 fire bats (Volcano)
  68 redbacks
  2 neqoxecs (Swamp:4)
  2 steam dragons
  A death yak simulacrum (IceCv)
  10 vampire mosquitoes
  An elf zombie (Vaults:3)
  A spriggan simulacrum (Depths:2)
  A harpy simulacrum (IceCv)
  10 swamp worms
  4 hydra simulacra (IceCv)
  7 wargs
  An acid dragon (D:13)
  A hell hound (Volcano)
  A naga (shapeshifter) (D:13)
  15 water moccasins
  A glowing shapeshifter skeleton (Vaults:1)
  4 ice beasts
  2 sky beasts
  2 swamp drakes
  A meliai simulacrum (D:13)
  A black bear (D:5)
  18 orc warriors
  10 ogres
  A human zombie (Vaults:3)
  A boggart (D:15)
  A phantom (D:5)
  9 centaurs
  8 kobold brigands
  2 necrophages
  7 bullfrogs
  3 gnoll sergeants
  8 scorpions
  An ogre simulacrum (Vaults:1)
  6 wights
  A two-headed ogre simulacrum (IceCv)
  12 killer bees
  3 electric eels
  5 howler monkeys
  4 lava snakes (Volcano)
  2 bullfrog zombies (D:6)
  A hound (D:6)
  A human simulacrum (Vaults:5)
  33 orc priests
  A gnoll bouda (D:8)
  A jelly (D:6)
  A bullfrog skeleton (D:6)
  A centaur skeleton (D:6)
  5 iguanas
  6 hell rats (Lair:2)
  18 orc wizards
  A troll simulacrum (IceCv)
  2 howler monkey zombies (D:6)
  27 gnolls
  A naga simulacrum (IceCv)
  18 adders
  3 river rats
  2 shadow imps
  4 white imps
  2 ufetubi
  4 worms
  2 dart slugs
  81 orcs
  14 ball pythons
  3 bats
  5 endoplasms
  4 giant cockroaches
  12 goblins
  14 hobgoblins
  7 jackals
  A quokka (D:4)
  10 frilled lizards
  33 kobolds
  9 rats
  A spectral orc (D:10)
  2 pillars of salt (Desolation)
1940 creatures vanquished.

Vanquished Creatures (others)
  A vault guard (Vaults:5)
  A goliath frog (Swamp:3)
  2 ugly things (Depths:1)
  A black mamba (shapeshifter) (D:15)
  A meliai (Spider:4)
  2 bloated husks
  A tarantella (Spider:4)
  A slime creature (D:15)
  A chaos spawn (Swamp:4)
  An ogre (Vaults:5)
  A hobgoblin (D:10)
  10 foxfires (Swamp:3)
  28 fungi
  59 plants
  6 withered plants
116 creatures vanquished.

Grand Total: 2056 creatures vanquished

Notes
Turn   | Place    | Note
-------+----------+-------------------------------------------
     0 | D:1      | pdpol the Minotaur Fighter began the quest for the Orb.
     0 | D:1      | Reached XP level 1. HP: 19/19 MP: 0/0
   132 | D:1      | Reached XP level 2. HP: 24/26 MP: 1/1
   814 | D:2      | Reached XP level 3. HP: 31/31 MP: 2/2
  1044 | D:2      | Reached skill level 5 in Axes
  1065 | D:2      | Found a faded altar of an unknown god.
  1075 | D:2      | Prayed at the altar of an unknown god.
  1075 | D:2      | Became a worshipper of Vehumet
  1075 | D:2      | Reached * piety under Vehumet
  1075 | D:2      | Offered knowledge of Magic Dart by Vehumet.
  1109 | D:2      | You fall into a shaft and drop 1 floor!
  1110 | D:3      | Fell from the grace of Vehumet
  1163 | D:3      | Noticed a scorpion
  1192 | D:3      | Noticed an ogre
  1233 | D:3      | Reached XP level 4. HP: 9/39 MP: 3/3
  1877 | D:3      | Reached XP level 5. HP: 40/45 MP: 4/4
  2530 | D:4      | Found a transporter.
  2561 | D:4      | Reached XP level 6. HP: 48/51 MP: 5/5
  2737 | D:4      | Reached skill level 4 in Fighting
  2813 | D:4      | Found a transporter.
  3002 | D:4      | Found a staircase to the Ecumenical Temple.
  3008 | Temple   | Entered the Ecumenical Temple
  3061 | Temple   | Became a worshipper of Warmaster Okawaru
  3359 | D:4      | Reached skill level 5 in Fighting
  3446 | D:5      | Entered Level 5 of the Dungeon
  3446 | D:5      | Found Yrapeykk's Armour Shop.
  3510 | D:5      | Reached XP level 7. HP: 47/61 MP: 6/6
  3611 | D:5      | Found a glowing drain.
  3619 | Sewer    | Entered a sewer
  3920 | Sewer    | Reached * piety under Okawaru
  4022 | Sewer    | Reached skill level 10 in Axes
  4708 | D:5      | Reached skill level 1 in Throwing
  4710 | D:5      | Reached skill level 6 in Fighting
  4837 | D:5      | Reached XP level 8. HP: 59/71 MP: 7/7
  4968 | D:5      | Reached ** piety under Okawaru
  5033 | D:5      | Reached skill level 7 in Fighting
  5418 | D:5      | Reached skill level 8 in Fighting
  6001 | D:6      | Reached skill level 9 in Fighting
  6068 | D:6      | Reached XP level 9. HP: 43/85 MP: 8/8
  6515 | D:6      | Reached skill level 10 in Fighting
  6586 | D:6      | Reached skill level 1 in Dodging
  6793 | D:6      | Was forgiven by Vehumet
  7132 | D:6      | Reached skill level 5 in Armour
  7143 | D:6      | Noticed Sigmund
  7152 | D:6      | Killed Sigmund
  7208 | D:6      | Reached *** piety under Okawaru
  7423 | D:7      | Identified a scroll of acquirement
  7423 | D:7      | Acquired a +1 broad axe of pain
  7572 | D:7      | Reached skill level 5 in Dodging
  7578 | D:7      | Reached XP level 10. HP: 27/93 MP: 6/9
  7579 | D:7      | Reached **** piety under Okawaru
  8538 | D:8      | Noticed a boulder beetle
  8998 | D:8      | Killed a boulder beetle
  8999 | D:8      | Reached skill level 1 in Invocations
  8999 | D:8      | Reached skill level 1 in Evocations
  9226 | D:9      | Found a transporter.
  9226 | D:9      | Found a transporter.
  9288 | D:9      | Noticed a gargoyle
  9299 | D:9      | Killed a gargoyle
  9752 | D:9      | Found a white marble altar of Elyvilon.
  9805 | D:9      | Reached ***** piety under Okawaru
  9834 | D:9      | Found a staircase to the Orcish Mines.
 10070 | D:9      | Found a shimmering blue altar of Sif Muna.
 10103 | D:10     | Entered Level 10 of the Dungeon
 10206 | D:10     | Found a runed translucent door.
 10215 | D:10     | Found a basalt altar of Yredelemnul.
 10239 | D:10     | Found a staircase to the Lair.
 10306 | D:10     | Noticed Snorg
 10336 | D:10     | Killed Snorg
 10337 | D:10     | Reached XP level 11. HP: 26/99 MP: 5/12
 10469 | D:10     | Noticed Fannar
 10502 | D:10     | Killed Fannar
 10517 | D:10     | Found a flagged portal.
 10518 | D:10     | Noticed Psyche
 10531 | Bailey   | Entered a bailey
 10816 | Bailey   | Got the Exposition on the Fifth Circle and Shapeshifting
 11196 | D:10     | Killed Psyche
 11196 | D:10     | Received a gift from Okawaru
 11196 | D:10     | Found the +14 obsidian axe {vorpal, Mesm Drain Fly SInv}
 11212 | D:10     | Found a runed translucent door.
 11249 | D:10     | Found a runed translucent door.
 11300 | D:10     | Found a runed translucent door.
 11301 | D:10     | Identified the +2 robe of the Komodo Dragon {rC+ Slay+3
                  | Archmagi}
 12009 | D:10     | Noticed an orange crystal statue
 12033 | D:10     | Noticed a two-headed ogre
 12033 | D:10     | Killed an orange crystal statue
 12098 | D:11     | Reached skill level 5 in Invocations
 12242 | D:11     | Reached skill level 5 in Shields
 12445 | D:11     | Noticed a two-headed ogre
 12457 | D:11     | Killed a two-headed ogre
 12947 | D:12     | Noticed a boulder beetle
 12960 | D:12     | Killed a boulder beetle
 12960 | D:12     | Identified the +0 plate armour "Finy" {MP+9 Int+5 Stlth-}
                  | (Okawaru gifted it to you on level 12 of the Dungeon)
 12960 | D:12     | Received a gift from Okawaru
 13281 | D:12     | Acquired the +7 broad axe of Exchange {venom, rF+ Int+4}
 13496 | D:12     | Noticed an eight-headed hydra
 13507 | D:12     | Killed a 13-headed hydra
 14535 | D:12     | Reached XP level 12. HP: 57/106 MP: 16/16
 15394 | D:13     | Found a gate to the Vaults.
 15394 | D:13     | Noticed a vault guard
 15394 | D:13     | Noticed a vault guard
 15394 | D:13     | Noticed a vault guard
 15401 | D:13     | Received a gift from Okawaru
 15409 | D:13     | Killed a vault guard
 15409 | D:13     | Killed a vault guard
 15410 | D:13     | Reached skill level 10 in Shields
 15411 | D:13     | Killed a vault guard
 15745 | D:13     | Noticed a boulder beetle
 15750 | D:13     | Killed a boulder beetle
 15750 | D:13     | Received a gift from Okawaru
 15753 | D:13     | Noticed a yaktaur captain
 15763 | D:13     | Killed a yaktaur captain
 16134 | D:13     | Noticed a stone giant
 16148 | D:13     | Killed a stone giant
 16149 | D:13     | Reached skill level 10 in Invocations
 16215 | D:14     | Noticed a centaur warrior
 16222 | D:14     | Killed a centaur warrior
 16223 | D:14     | Reached XP level 13. HP: 113/113 MP: 19/19
 16269 | D:14     | Noticed a fire dragon
 16272 | D:14     | Reached ****** piety under Okawaru
 16669 | D:14     | Identified the +5 ring mail of the Eternal Fruit {Str+6
                  | Dex-2} (Okawaru gifted it to you on level 14 of the
                  | Dungeon)
 16669 | D:14     | Received a gift from Okawaru
 16704 | D:14     | Reached skill level 15 in Axes
 16709 | D:14     | Killed a fire dragon
 16916 | D:14     | Found a hazy altar of Hepliaklqana.
 17216 | D:15     | Entered Level 15 of the Dungeon
 17402 | Lair:1   | Entered Level 1 of the Lair of Beasts
 19181 | Lair:2   | Found a frozen archway.
 19362 | IceCv    | Entered an ice cave
 20082 | IceCv    | Received a gift from Okawaru
 21155 | Lair:2   | HP: 5/113 [poisoned by a water moccasin]
 21562 | Lair:3   | Reached skill level 10 in Armour
 21562 | Lair:3   | Reached XP level 14. HP: 83/122 MP: 14/20
 22057 | Lair:3   | Found a hole to the Spider Nest.
 22080 | Lair:3   | Found a staircase to the Swamp.
 22743 | Lair:4   | Received a gift from Okawaru
 23067 | Lair:4   | Reached skill level 11 in Fighting
 23473 | Lair:4   | Noticed Tunlugh's ghost (adept GrEE)
 23476 | Lair:4   | Found a runed translucent door.
 24045 | Lair:4   | Identified the +0 ring mail of the Blue Moon {rCorr}
 24047 | Lair:4   | Noticed Urug
 24056 | Lair:4   | Killed Urug
 24056 | Lair:4   | Identified the +0 broad axe "Neoblon" {freeze, *Slow rPois
                  | Will- Int+7} (Okawaru gifted it to you on level 4 of the
                  | Lair of Beasts)
 24056 | Lair:4   | Received a gift from Okawaru
 24419 | Lair:5   | Entered Level 5 of the Lair of Beasts
 24501 | Lair:5   | Reached skill level 10 in Dodging
 24569 | Lair:5   | Reached skill level 12 in Fighting
 24835 | Lair:5   | Noticed Sonja
 24851 | Lair:5   | Killed Sonja
 24932 | Lair:5   | Reached skill level 13 in Fighting
 24932 | Lair:5   | Received a gift from Okawaru
 24962 | Lair:5   | Received a gift from Okawaru
 25128 | Lair:5   | Reached XP level 15. HP: 100/136 MP: 13/21
 25379 | Lair:5   | Found a staircase to the Slime Pits.
 25557 | Lair:5   | Received a gift from Okawaru
 25575 | Lair:5   | Reached skill level 14 in Fighting
 25668 | Lair:5   | Received a gift from Okawaru
 25764 | Lair:5   | Identified the +3 buckler "Qaediwua" {Harm rF+ Str+6}
 26131 | Orc:1    | Entered Level 1 of the Orcish Mines
 26175 | Orc:1    | Found a dark tunnel.
 26186 | Volcano  | Entered a volcano
 26672 | Volcano  | Found a radiant altar of Vehumet.
 26707 | Volcano  | Received a gift from Okawaru
 26752 | Volcano  | Paralysed by an orc sorcerer for 2 turns
 27167 | Orc:1    | Found Mosuiliq's CLEARANCE SALE!.
 27417 | Orc:2    | Entered Level 2 of the Orcish Mines
 27440 | Orc:2    | Received a gift from Okawaru
 27806 | Orc:2    | Found a staircase to the Elven Halls.
 28011 | Orc:2    | Received a gift from Okawaru
 28389 | Orc:2    | Found Nidule's Weapon Shop.
 28389 | Orc:2    | Found Wufom's General Store.
 28439 | Orc:2    | Found Essae's Jewellery Shop.
 28439 | Orc:2    | Found Wacely's General Store.
 29060 | D:5      | Bought a +2 hat for 224 gold pieces
 29447 | D:15     | Reached skill level 15 in Fighting
 29449 | D:15     | Reached skill level 15 in Shields
 29498 | D:15     | Identified the +14 crystal plate armour "Nidwopt" {Str+3
                  | Int+3} (Okawaru gifted it to you on level 15 of the
                  | Dungeon)
 29498 | D:15     | Received a gift from Okawaru
 29843 | D:15     | Found a staircase to the Depths.
 29903 | D:15     | Found an iron altar of Okawaru.
 29903 | D:15     | Found a radiant altar of Vehumet.
 29904 | D:15     | Found a shimmering altar of Xom.
 30229 | D:15     | Reached XP level 16. HP: 123/149 MP: 22/22
 30805 | D:15     | Received a gift from Okawaru
 31297 | D:15     | Noticed a storm dragon
 31308 | D:15     | Killed a storm dragon
 31339 | D:15     | Identified the ring of Fobyosua {Fly rN+ Will+}
 32031 | Spider:1 | Entered Level 1 of the Spider Nest
 32063 | Lair:3   | Gained mutation: You are frail. (-10% HP) [mutagenic glow]
 32106 | Spider:1 | Received a gift from Okawaru
 32201 | Spider:1 | Reached skill level 15 in Armour
 32575 | Spider:1 | Found a hide-covered altar of Uskayaw.
 32921 | Spider:2 | Reached skill level 15 in Dodging
 33059 | Spider:2 | Reached skill level 5 in Evocations
 33059 | Spider:2 | Reached XP level 17. HP: 140/140 MP: 23/23
 33059 | Spider:2 | Identified the +1 scale mail "Guxi" {Dex+4} (Okawaru gifted
                  | it to you on level 2 of the Spider Nest)
 33059 | Spider:2 | Received a gift from Okawaru
 34200 | Spider:3 | Found a runed translucent gate.
 34200 | Spider:3 | Found a runed translucent gate.
 34200 | Spider:3 | Found a runed translucent gate.
 34200 | Spider:3 | Noticed Flarelocke's ghost (adept MiFi)
 34200 | Spider:3 | Noticed Lotaimix's ghost (adept HOFi)
 34431 | Spider:3 | Reached skill level 10 in Evocations
 34509 | Spider:3 | Killed Flarelocke's ghost
 34509 | Spider:3 | Received a gift from Okawaru
 34531 | Spider:3 | Killed Lotaimix's ghost
 34538 | Spider:3 | Identified the +2 pair of gloves of Ru's Respect {*Slow
                  | rF++ Int+6}
 34856 | Spider:4 | Entered Level 4 of the Spider Nest
 35488 | Spider:4 | Received a gift from Okawaru
 35860 | Spider:4 | Reached XP level 18. HP: 149/149 MP: 24/24
 36063 | Spider:4 | Reached skill level 16 in Fighting
 36094 | Spider:4 | Received a gift from Okawaru
 36234 | Spider:4 | Got a gossamer rune of Zot
 36239 | Spider:4 | Identified the +2 hat of Somewhere Else {Regen+ Slay+2}
 36476 | Spider:4 | Found a runed translucent gate.
 36476 | Spider:4 | Found a runed translucent gate.
 36476 | Spider:4 | Found a runed translucent gate.
 36481 | Spider:4 | Noticed ChongLi's ghost (journeyman FeVM)
 36490 | Spider:4 | Killed ChongLi's ghost
 36810 | Swamp:1  | Entered Level 1 of the Swamp
 38246 | Swamp:3  | Reached skill level 17 in Fighting
 38247 | Swamp:3  | Received a gift from Okawaru
 38618 | Swamp:4  | Entered Level 4 of the Swamp
 38802 | Swamp:4  | Noticed Bai Suzhen
 38842 | Swamp:4  | Killed Bai Suzhen
 39142 | Swamp:4  | Identified the +1 buckler "Hecsyfes" {rF+ rN+ Str-5 Int+4}
                  | (Okawaru gifted it to you on level 4 of the Swamp)
 39142 | Swamp:4  | Received a gift from Okawaru
 39516 | Swamp:4  | Paralysed by a fenstrider witch for 4 turns
 39665 | Swamp:4  | Got a decaying rune of Zot
 39736 | Swamp:4  | Reached XP level 19. HP: 161/161 MP: 25/25
 40154 | Vaults:1 | Entered Level 1 of the Vaults
 40222 | Vaults:1 | Reached skill level 18 in Fighting
 40371 | Vaults:1 | Identified the +0 pair of boots of Zamigura {rN++ Str+3}
                  | (Okawaru gifted it to you on level 1 of the Vaults)
 40371 | Vaults:1 | Received a gift from Okawaru
 40534 | Vaults:1 | Found a portal to a secret trove of treasure.
 41093 | Vaults:1 | Reached skill level 19 in Fighting
 41560 | Vaults:2 | Found a staircase to the Crypt.
 41842 | Vaults:2 | Identified the quicksilver dragon scales of Refuge {Will+
                  | Int+7} (Okawaru gifted it to you on level 2 of the Vaults)
 41842 | Vaults:2 | Received a gift from Okawaru
 41847 | Vaults:2 | Identified the +9 arbalest of Magnificence {elec, Dex+4
                  | SInv}
 42177 | Vaults:2 | Reached XP level 20. HP: 171/171 MP: 26/26
 43152 | Vaults:3 | Reached skill level 20 in Fighting
 43800 | Vaults:3 | Identified the +0 pair of gloves "Ipnoss" {rF+} (Okawaru
                  | gifted it to you on level 3 of the Vaults)
 43800 | Vaults:3 | Received a gift from Okawaru
 44432 | Vaults:4 | Found a crumbling gateway.
 44470 | Desolati | Entered the Desolation of Salt
 44632 | Desolati | Identified the amulet of the Invisible Heavens {-Tele rF-
                  | Regen+ rCorr SInv}
 44634 | Desolati | Identified the +9 halberd "Suom" {drain, Fragile rElec
                  | rCorr Int-2}
 44641 | Desolati | Identified the ring "Dithusaq" {rElec rF+ MP+9 Int+4 Dex-4}
 44748 | Desolati | Identified the amulet "Gavvur" {Spirit +Inv rPois rC-
                  | Slay+4}
 44774 | Desolati | Identified the ring of Fixation {Ice Str+2 Dex+4}
 44866 | Desolati | Found the +2 Maxwell's thermic engine {flame, freeze}
 45391 | Vaults:4 | Received a gift from Okawaru
 45396 | Vaults:4 | Reached XP level 21. HP: 104/181 MP: 12/27
 45507 | Vaults:4 | Noticed Aizul
 45522 | Vaults:4 | Killed Aizul
 45723 | Vaults:4 | Reached skill level 21 in Fighting
 46228 | Vaults:4 | Noticed Sojobo
 46233 | Vaults:4 | Paralysed by an air elemental for 1 turns
 46250 | Vaults:4 | Paralysed by an air elemental for 1 turns
 46254 | Vaults:4 | Killed Sojobo
 46254 | Vaults:4 | Identified the +2 robe "Ideycheb" {rElec rPois rC-}
                  | (Okawaru gifted it to you on level 4 of the Vaults)
 46254 | Vaults:4 | Received a gift from Okawaru
 46918 | Depths:1 | Entered Level 1 of the Depths
 46925 | Depths:1 | Noticed Nikola
 46934 | Depths:1 | Killed Nikola
 47372 | Depths:1 | Found a shadowy altar of Dithmenos.
 47843 | Depths:1 | Found a gateway to Hell.
 47974 | Depths:1 | Found Saonuz's Book Emporium.
 47974 | Depths:1 | Found Eliestio's Jewellery Boutique.
 47975 | Depths:1 | Found Fezasat's Jewellery Boutique.
 48353 | Depths:2 | Reached skill level 22 in Fighting
 48513 | Depths:2 | Found a one-way gate to the infinite horrors of the Abyss.
 48620 | Depths:2 | Received a gift from Okawaru
 49080 | Depths:2 | Found a one-way gate leading to the halls of Pandemonium.
 49339 | Depths:3 | Found Guqimel's Book Emporium.
 49341 | Depths:3 | Found Xaixt's Assorted Antiques.
 49344 | Depths:3 | Found Wirphiakk's Assorted Antiques.
 49408 | Depths:3 | Found a one-way gateway to a ziggurat.
 49461 | Depths:3 | Found a runed translucent door.
 49510 | Depths:3 | Reached XP level 22. HP: 175/193 MP: 28/28
 49612 | Depths:3 | Noticed a caustic shrike
 49624 | Depths:3 | Killed a caustic shrike
 49666 | Depths:3 | Noticed a golden dragon
 49677 | Depths:3 | Killed a golden dragon
 49677 | Depths:3 | Received a gift from Okawaru
 49981 | Depths:3 | Received a gift from Okawaru
 50001 | Depths:3 | Identified the +9 plate armour "Hepyrgh" {rC+} (Okawaru
                  | gifted it to you on level 3 of the Depths)
 50001 | Depths:3 | Received a gift from Okawaru
 50112 | Depths:3 | Noticed a golden dragon
 50121 | Depths:3 | Killed a golden dragon
 50251 | Depths:3 | Noticed a juggernaut
 50265 | Depths:3 | Killed a juggernaut
 50266 | Depths:3 | Reached skill level 23 in Fighting
 50266 | Depths:3 | Found the brooch of Shielding {Spirit SH+8}
 50648 | Depths:4 | Entered Level 4 of the Depths
 50958 | Depths:4 | Found a sparkling altar of Nemelex Xobeh.
 51047 | Depths:4 | Identified the +1 robe of the Salamander {+Inv Will+ Regen+
                  | Stlth-} (Okawaru gifted it to you on level 4 of the Depths)
 51047 | Depths:4 | Received a gift from Okawaru
 51282 | Depths:4 | Reached XP level 23. HP: 206/206 MP: 29/29
 51356 | Depths:4 | Identified the +6 hand axe of the Fortifying Shark {freeze,
                  | rN++ Str+6}
 51527 | Depths:4 | Found a gate to the Realm of Zot.
 51580 | Depths:4 | Reached skill level 24 in Fighting
 53205 | Vaults:5 | Entered Level 5 of the Vaults
 53477 | Vaults:5 | Received a gift from Okawaru
 53671 | Vaults:5 | Identified the +7 halberd "Veciy" {flame, Will++ Str-4
                  | Dex+4}
 53679 | Vaults:5 | Identified the +2 robe "Worphoiq" {Regen+ Str+4 Int+5}
 53731 | Vaults:5 | Noticed a dread lich
 53754 | Vaults:5 | Noticed a dread lich
 53755 | Vaults:5 | Reached skill level 25 in Fighting
 53755 | Vaults:5 | Received a gift from Okawaru
 53765 | Vaults:5 | Noticed an ancient lich
 53769 | Vaults:5 | Paralysed by a dread lich for 4 turns
 53774 | Vaults:5 | HP: 9/208 [sphinx/divine providence (12)]
 53775 | Vaults:5 | Mangled by a vault warden

Illustrated notes

Levels and vault maps discovered:
D:1:      shiori_arrival_oz, layout_basic
D:2:      layout_loops_ring, serial_bayou, serial_bayou_ford_a,
          serial_bayou_pond_b, serial_bayou_pond_d, serial_bayou_pond_d,
          serial_bayou_shore_b, serial_bayou_lagoon_a,
          ebering_ecumenical_altar_webs
D:3:      layout_rooms, nrook_campfire, hangedman_abyss_or_decor_stabs,
          st_stairs_10
D:4:      gammafunk_steamed_eel, layout_rooms,
          minmay_temple_entry_enclosed_plants
D:5:      layout_loops_ring, serial_shops, nicolae_shop_hallway_stairs,
          gup_sewer_entry_spiral
D:6:      nicolae_cairo_tiling_large, layout_gridville, serial_undead,
          serial_undead_b, serial_undead_b, serial_undead_f, serial_undead_b,
          serial_undead_b, serial_undead_c, chequers_hall_statues_corner_a,
          minmay_joined_circles, uniq_sigmund
D:7:      layout_basic, item_on_display_a
D:8:      layout_loops_ring, nicolae_fountain_basement
D:9:      layout_roguey, led_sif_pool, nicolae_elyvilon_temple_path,
          orc_0_dummy, minmay_misc_feat_plants, kennysheep_decorative_pillar,
          st_stairs_14, nicolae_diode_stairs
D:10:     layout_cave_pods, yredelemnul_forgotten_temple_becter, enter_bailey_4,
          minmay_statue_crystal_thing, uniq_snorg, uniq_psyche, uniq_fannar
D:11:     layout_gridville, grunt_decor_fettered
D:12:     layout_basic
D:13:     minmay_chopped_fan, layout_loops_corners, grunt_vaults_entry_tiered,
          biasface_ghost_orc_armoury
D:14:     layout_rooms, lemuel_coloured_pillars_altar
D:15:     hangedman_slaughterboxes, serial_shops
Temple:   compressed_dpeg_triangle_lava_temple
Lair:1:   layout_layer_cave
Lair:2:   layout_regular_city, portal_ice_cave_demonic_guard,
          nicolae_quartered_pool_impasse
Lair:3:   layout_chaotic_city, palyth_hydra_swamp_entry,
          spider_nest_entry_web_field, grunt_megastairs_5,
          infiniplex_staircase_pool_2
Lair:4:   layout_regular_city, hellmonk_ghost_happy_afterlife,
          lemuel_fruit_fields, infiniplex_staircase_pool, uniq_urug
Lair:5:   evilmike_catoblepas_cave, layout_hall_layers,
          dpeg_slime_entry_enclosed, uniq_sonja
Swamp:1:  layout_basic_swamp, nicolae_swamp_small_spring
Swamp:2:  layout_basic_swamp, evilmike_swamp_ruin_house_1, swamp_pool1
Swamp:3:  nicolae_swamp_decorative_isthmus, layout_basic_swamp,
          evilmike_swamp_ruin_house_3, swamp_pool4, nzn_swamp_dancing_lights
Swamp:4:  nzn_swamp_witches_coven, layout_basic_swamp, uniq_bai_suzhen
Spider:1: layout_spider_delve, hangedman_spider_mandibles,
          nicolae_spider_altar_of_dancing
Spider:2: nicolae_spider_mines_1, drop_trap
Spider:3: layout_spider_delve, gammafunk_ghost_cemetery,
          hangedman_stitches_earthworm
Spider:4: grunt_spider_rune_island, ebering_ghost_rock_garden
Orc:1:    layout_caves, nicolae_volcano_entry_two_sided, nicolae_shop_clearance
Orc:2:    st_orc_town, layout_diamond_mine, mines1_david
Vaults:1: mu_enter_wizlab_6, dpeg_vaults_monster_box, grunt_vaults_trifunnel,
          v_pattern_3, hangedman_vaults_unwind, nicolae_vaults_angled_halls,
          nicolae_vaults_angled_halls, vaults_mumra_minichess,
          nicolae_vaults_border_crossing, layout_vaults_big_room,
          nicolae_trove_entry_crystal
Vaults:2: ontoclasm_vaults_ligature, v_alt_pattern_4, hangedman_vaults_maws,
          ontoclasm_vaults_spin, nicolae_vaults_yaktaur_gun_rack,
          minmay_crypt_entry_simple_round, nicolae_vaults_disjoint_gnomons,
          v_pattern_2, layout_vaults_omnigrid
Vaults:3: ontoclasm_vaults_hangar, hangedman_vaults_stitches, vaults_mumra_hex,
          st_octagons_1, vaults_room_door_ring, ontoclasm_vaults_claustrophobia,
          vaults_dpeg_emergency_exit, ontoclasm_vaults_twist,
          ontoclasm_vaults_chip, ontoclasm_vaults_tryst,
          nicolae_vaults_network_barrier, vaults_dpeg_hooks,
          layout_vaults_omnicross
Vaults:4: portal_desolation_entry_nicolae_nacl, nicolae_vaults_disjoint_gnomons,
          v_alt_pattern_6, hangedman_vaults_restitches,
          hangedman_vaults_stretched_pinwheel, ontoclasm_vaults_gateway,
          vaults_mumra_chevron_long, v_misc_28, nicolae_vaults_little_squares_4,
          hangedman_vaults_stretched_pinwheel, v_alt_pattern_3,
          nicolae_vaults_big_ls, vaults_room_fours,
          nicolae_vaults_little_squares_6, vaults_dpeg_doors,
          nicolae_vaults_display_case, layout_vaults_maze_bifur, uniq_sojobo,
          uniq_aizul
Vaults:5
Depths:1: layout_gridlike, nicolae_dithmenos_the_darkroom,
          pf_hell_entry_great_geh, kennysheep_generic_room_10,
          grunt_megastairs_3, minmay_shop_grove, uniq_nikola
Depths:2: minmay_two_paths, layout_cave_pools, hangedman_abyss_entry_splay,
          hell_entry, chequers_serial_rivers_large_a, rand_demon_pan_entry_1
Depths:3: lemuel_castle_with_subvaults [lemuel_castle_interior_carwin_2],
          layout_cave_pools, enter_ziggurat_f, serial_bayou_pond_e, hell_entry,
          abyss_entry_crystal, lightli_giant_bouncers, minmay_shop_star
Depths:4: grunt_zot_entry_pinwheel, layout_gridlike, pan_entry, abyss_entry,
          nemelex_altar_shiori, hell_entry

Skill      XL: |  1  2  3  4  5  6  7  8  9 10 11 12 13 14 15 16 17 18 19 20 21 22 23 |
---------------+----------------------------------------------------------------------+-----
Axes           | 3 4 5 6 7 8 10 11 14 18 | 18.0
Fighting       | 5 6 9 10 13 15 17 19 20 22 23 25 | 25.0
Throwing       | 2 4 |  4.0
Armour         | 7 9 10 12 15 17 19 20 22 23 24 | 24.9
Dodging        | 5 7 8 10 11 15 16 17 18 19 20 | 20.4
Invocations    | 3 7 10 | 10.0
Evocations     | 3 4 5 10 | 10.0
Shields        | 8 10 13 15 16 17 18 19 20 21 | 21.3

Action                   |  1- 3 |  4- 6 |  7- 9 | 10-12 | 13-15 | 16-18 | 19-21 | 22-24 || total
-------------------------+-------+-------+-------+-------+-------+-------+-------+-------++-------
Melee: War axe           |    78 |    96 |   262 |       |       |       |       |       ||   436
       Headbutt          |    15 |    14 |    54 |   131 |   231 |   330 |   398 |   226 ||  1399
       Broad axe         |       |       |    20 |   597 |   965 |  1257 |  1359 |   749 ||  4947
Throw: Dart              |       |       |     6 |    22 |     9 |       |       |       ||    37
       Stone             |       |       |       |     9 |       |       |       |       ||     9
       Boomerang         |       |       |       |     4 |    28 |       |       |       ||    32
       Javelin           |       |       |       |       |       |    11 |       |       ||    11
Invok: Renounce Religion |     1 |       |       |       |       |       |       |       ||     1
       Heroism           |       |       |     2 |    11 |    12 |     9 |    10 |     6 ||    50
       Finesse           |       |       |       |     5 |     9 |     6 |     8 |     7 ||    35
Evoke: Wand              |       |     3 |       |     3 |     2 |     1 |       |       ||     9
       Condenser vane    |       |       |       |       |       |       |       |     1 ||     1
  Use: Scroll            |     4 |     4 |     8 |    14 |     4 |       |     2 |     6 ||    42
       Potion            |     1 |     2 |       |     8 |     1 |     4 |     4 |     4 ||    24
 Stab: Distracted        |       |       |       |       |       |     1 |     2 |       ||     3
Armor: Scale mail        |    31 |    27 |       |       |       |       |       |       ||    58
       Crystal plate arm |       |    37 |   214 |   429 |   528 |   698 |   447 |   361 ||  2714
Dodge: Dodged            |    30 |    28 |    45 |   141 |   192 |   358 |   317 |   189 ||  1300
Block: Buckler           |    15 |    18 |    48 |    79 |       |       |       |       ||   160
       Tower shield      |       |       |       |   360 |  1032 |  1543 |  1246 |   855 ||  5036
       Reflection        |       |       |       |    21 |    37 |    26 |    45 |     2 ||   131
